[Event "Titled Tuesday Blitz April 05 Late 2022"]
[White "Petrova, Irina"]
[Black "Hernandez Bermudez, Ulises Eduardo"]
[WhiteFideId "14124122"]
[BlackFideId "3902510"]
[WhiteElo "1993"]
[BlackElo "2056"]
[Result "1-0"]
[Round "07"]
[TimeControl "180+1"]
[Date "2022.04.06"]
[WhiteClock "0:00:08"]
[BlackClock "0:00:01"]

1. e4 c5 2. Nf3 d6 3. Bb5+ Nd7 4. O-O Nf6 5. Re1 e5 6. c3 Be7 7. d4 O-O 8. Bxd7 Nxd7 9. d5 Nf6 10. h3 b5 11. a4 Bd7 12. axb5 Bxb5 13. b3 a5 14. c4 Bd7 15. Nc3 Qb6 16. Bd2 Rfb8 17. Ra3 Ne8 18. Qa1 f5 19. exf5 Bxf5 20. Ne4 Nf6 21. Nfg5 Nxe4 22. Nxe4 Bd8 23. Nc3 Bd7 24. Rb1 Bf6 25. Ne4 Bd8 26. f3 h6 27. Be3 Bc7 28. b4 Bf5 29. b5 Bd8 30. Rf1 Be7 31. Rf2 Rb7 32. Rfa2 Rba7 33. Bd2 Bd8 34. Qe1 Bc7 35. Nc3 Bg6 36. Qg3 Bd3 37. Bxh6 Bd8 38. Na4 Qc7 39. Rxd3 Qf7 40. b6 Rb7 41. Bd2 Rab8 42. Bxa5 Ra8 43. Bd2 Qf5 44. Rda3 Qb1+ 45. Kh2 Qd1 46. Bh6 Bf6 47. Ra1 Qc2 48. R3a2 Qxc4 49. Nb2 Qxd5 50. Rxa8+ Kh7 51. R8a7 Rxb6 52. Rxg7+ Kxh6 53. Qg6# 1-0


[Site "https://www.chess.com"]

[Event "Titled Tuesday Blitz April 05 Late 2022"]
[White "Petrovic, Aleksa"]
[Black "Kostiukov, Alexandr"]
[WhiteFideId "967629"]
[BlackFideId "14108100"]
[WhiteElo "2198"]
[BlackElo "2202"]
[Result "1-0"]
[Round "07"]
[TimeControl "180+1"]
[Date "2022.04.06"]
[WhiteClock "0:01:03"]
[BlackClock "0:00:07"]

1. d4 g6 2. c4 Bg7 3. e4 d6 4. Nc3 e5 5. Nge2 exd4 6. Nxd4 Nc6 7. Be3 Nge7 8. h4 h5 9. Qd2 O-O 10. O-O-O f5 11. Nxc6 bxc6 12. c5 fxe4 13. cxd6 cxd6 14. Qxd6 Qxd6 15. Rxd6 Nf5 16. Rxg6 Nxe3 17. fxe3 Rf2 18. Rxc6 Rb8 19. Bc4+ Kh8 20. Rd1 Bg4 21. Rdd6 Rbxb2 22. Rd8+ Bf8 23. Rxf8+ Kg7 24. Rg8+ Kh7 25. Rc7+ Kh6 26. Rh8+ Kg6 27. Bf7+ Kf6 28. Nxe4+ Ke5 29. Re7+ Kf5 30. Nxf2 Rxf2 31. Be6+ Kf6 32. Rf7+ 1-0


[Site "https://www.chess.com"]

[Event "Titled Tuesday Blitz April 05 Late 2022"]
[White "Potapova, Margarita"]
[Black "Ronka, Erik"]
[WhiteFideId "14126869"]
[BlackFideId "505080"]
[WhiteElo "2216"]
[BlackElo "2264"]
[Result "0-1"]
[Round "07"]
[TimeControl "180+1"]
[Date "2022.04.06"]
[WhiteClock "0:00:08"]
[BlackClock "0:00:07"]

1. e4 c5 2. Nf3 e6 3. g3 Nc6 4. Bg2 Nf6 5. e5 Nd5 6. O-O d6 7. d4 cxd4 8. exd6 Bxd6 9. Nxd4 Nxd4 10. Qxd4 O-O 11. Rd1 Qc7 12. c4 Be5 13. Qe4 Nb6 14. Na3 a6 15. Rb1 Nd7 16. Bd2 Nc5 17. Qe2 Bf6 18. Bb4 Rb8 19. Qe3 b6 20. Nc2 Bb7 21. Nd4 Bxg2 22. Kxg2 Rfc8 23. b3 Qb7+ 24. Qf3 Qc7 25. Nc2 h6 26. Ne3 a5 27. Bd2 Rd8 28. Ng4 Be7 29. Bxh6 gxh6 30. Nxh6+ Kg7 31. Qh5 Bf6 32. Re1 Rh8 33. Qg4+ Kxh6 34. Re3 Rbg8 35. Qf3 Kg7 36. Qe2 Qb7+ 37. Rf3 Rd8 38. Kg1 Qe4 39. Re1 Qxe2 40. Rxe2 Be7 41. Kg2 Rd4 42. h4 Rhd8 43. Rfe3 Rd2 44. g4 Rxe2 45. Rxe2 Rd4 46. Kg3 Bd6+ 47. Kh3 Nd3 48. Re3 Nf4+ 49. Kg3 Ng6+ 50. Kg2 Nxh4+ 51. Kf1 Rxg4 52. Ke2 Bc5 53. Rd3 Rd4 54. Rg3+ Kf8 55. Rh3 Nf5 56. Rh8+ Ke7 57. Rb8 Nd6 58. Rb7+ Nxb7 0-1


[Site "https://www.chess.com"]

[Event "Titled Tuesday Blitz April 05 Late 2022"]
[White "Przybylski, Wojciech"]
[Black "Bas Mas, Jose Joaquin"]
[WhiteFideId "1117599"]
[BlackFideId "22219064"]
[WhiteElo "2133"]
[BlackElo "2212"]
[Result "0-1"]
[Round "07"]
[TimeControl "180+1"]
[Date "2022.04.06"]
[WhiteClock "0:00:01"]
[BlackClock "0:00:04"]

1. e4 c5 2. Nf3 d6 3. d4 cxd4 4. Nxd4 Nf6 5. Nc3 g6 6. Be2 Bg7 7. O-O O-O 8. Be3 Nc6 9. h3 d5 10. exd5 Nxd5 11. Nxd5 Qxd5 12. Bf3 Qd7 13. Nxc6 bxc6 14. Qxd7 Bxd7 15. Rad1 Rfd8 16. Rxd7 Rxd7 17. Bxc6 Rad8 18. Bxd7 Rxd7 19. c3 Rb7 20. Rd1 f5 21. Rd2 Kf7 22. f3 a5 23. a4 e5 24. Kf1 Ke6 25. Bc5 f4 26. Rd6+ Kf5 27. Rb6 Rd7 28. Ke2 e4 29. fxe4+ Kxe4 30. Bf2 f3+ 31. gxf3+ Kf4 32. Re6 Rb7 33. Be3+ Kg3 34. Bf2+ Kxh3 35. Rb6 Re7+ 36. Kf1 Rf7 37. b4 Bxc3 38. bxa5 Bxa5 39. Rb3 Rf4 40. Ke2 Rxa4 41. Rb7 h5 42. Be3 Ra2+ 43. Kd3 Kg2 44. Ke4 h4 45. Rg7 h3 46. Rxg6+ Kf1 47. Rg1+ Ke2 48. Rh1 Ra4+ 49. Bd4 Bb6 50. Rh2+ Kf1 51. Rxh3 Rxd4+ 52. Ke5 Kg2 53. Rh6 Rb4 54. f4 Be3 55. Rf6 Kf3 56. Kd5 Bxf4 57. Rf8 Rb2 58. Kc4 Rd2 59. Kc3 Rd6 60. Kc4 Rc6+ 61. Kd5 Rc7 62. Rh8 Rb7 63. Kc6 Rc7+ 64. Kd5 Rg7 65. Rh3+ Kg4 66. Rh1 Rd7+ 67. Ke6 Rd2 68. Rh8 Kf3 69. Rh3+ Ke4 70. Ra3 Rd6+ 71. Ke7 Rc6 72. Ra4+ Kf5 73. Kd7 Rc7+ 74. Kd8 Rg7 75. Ra6 Be5 76. Ke8 Bf6 77. Ra5+ Kg6 78. Ra1 Rb7 79. Rg1+ Bg5 80. Rf1 Bf6 81. Rg1+ Kf5 82. Re1 Be5 83. Kd8 Ke6 0-1


[Site "https://www.chess.com"]

[Event "Titled Tuesday Blitz April 05 Late 2022"]
[White "Quirke, Jeffrey"]
[Black "Stoenescu, Radu"]
[WhiteFideId "2013029"]
[BlackFideId "610143"]
[WhiteElo "2247"]
[BlackElo "1926"]
[Result "1/2-1/2"]
[Round "07"]
[TimeControl "180+1"]
[Date "2022.04.06"]
[WhiteClock "0:00:07"]
[BlackClock "0:00:02"]

1. c4 f5 2. g3 Nf6 3. Bg2 e5 4. Nc3 g6 5. d3 Bg7 6. Nf3 d6 7. O-O O-O 8. Rb1 a5 9. a3 c6 10. b4 axb4 11. axb4 Nbd7 12. b5 h6 13. Bb2 Nc5 14. Ra1 Rb8 15. Qc2 g5 16. Nd2 Bd7 17. Rfb1 f4 18. bxc6 Bxc6 19. Nd5 Ng4 20. Ne4 fxg3 21. fxg3 Bxd5 22. cxd5 Ne3 23. Qd2 Nxg2 24. Kxg2 Nxe4 25. dxe4 Qb6 26. Rf1 g4 27. Rxf8+ Rxf8 28. Rf1 Bf6 29. Ba3 Bg5 30. Rxf8+ Kxf8 31. Qb4 Qxb4 32. Bxb4 Ke7 33. h3 h5 34. hxg4 hxg4 35. Kf2 Bc1 36. e3 Kd7 37. Ke2 b5 38. Kd3 Kc7 39. Ke2 Bb2 40. Kd3 Bc1 41. Ke2 Kd7 42. Kd3 Kc7 1/2-1/2


[Site "https://www.chess.com"]

[Event "Titled Tuesday Blitz April 05 Late 2022"]
[White "Roman, Rodrigo"]
[Black "Pavlidou, Ekaterini"]
[WhiteFideId "3701220"]
[BlackFideId "4213262"]
[WhiteElo "2001"]
[BlackElo "2127"]
[Result "0-1"]
[Round "07"]
[TimeControl "180+1"]
[Date "2022.04.06"]
[WhiteClock "0:00:15"]
[BlackClock "0:01:11"]

1. e4 c5 2. c4 Nc6 3. Nc3 g6 4. Nge2 Bg7 5. g3 d6 6. Bg2 h5 7. h4 Bg4 8. f3 Be6 9. d3 Qd7 10. Nf4 Nh6 11. Be3 Nd4 12. Qd2 f5 13. Nxe6 Qxe6 14. Nd5 O-O-O 15. Qa5 Kb8 16. Qc7+ Ka8 17. Rc1 Rd7 18. Qa5 Kb8 19. Nf4 Qf7 20. Kf2 e5 21. Nd5 fxe4 22. Bxd4 exf3 23. Bxf3 e4 24. Bxg7 Qxf3+ 25. Ke1 Qxg3+ 26. Kd1 Qf3+ 27. Kd2 Qxd3+ 28. Ke1 Rxg7 29. Rf1 Nf5 30. Qd2 Qg3+ 31. Kd1 e3 32. Qd3 Re8 33. Re1 e2+ 34. Kd2 Qxd3+ 35. Kxd3 Nd4 36. b4 Rf7 37. bxc5 dxc5 38. Rg1 Rf3+ 39. Kd2 Ra3 40. Rge1 Nf3+ 41. Kc2 Nxe1+ 42. Rxe1 Rxa2+ 43. Kd3 Ra3+ 44. Kc2 Rf3 45. Nc3 Rf1 46. Rxe2 Rxe2+ 47. Nxe2 Rf2 48. Kd3 Rxe2 49. Kxe2 a5 50. Kd3 Kc7 51. Ke3 Kd6 52. Ke4 a4 53. Kd3 Ke5 54. Kc3 Ke4 55. Kb2 Kd4 56. Ka2 Kxc4 57. Ka3 b5 58. Ka2 b4 59. Kb2 b3 60. Ka3 Kb5 61. Kb2 Kb4 62. Kb1 a3 63. Ka1 c4 64. Kb1 c3 65. Ka1 b2+ 66. Ka2 Kc4 67. Kxa3 b1=Q 68. Ka4 Qb4# 0-1


[Site "https://www.chess.com"]

[Event "Titled Tuesday Blitz April 05 Late 2022"]
[White "Romero Ruscalleda, Josep"]
[Black "Gomez Dieguez, David"]
[WhiteFideId "2231859"]
[BlackFideId "22223630"]
[WhiteElo "2294"]
[BlackElo "2115"]
[Result "1-0"]
[Round "07"]
[TimeControl "180+1"]
[Date "2022.04.06"]
[WhiteClock "0:00:14"]
[BlackClock "0:00:01"]

1. e4 c6 2. Nc3 d5 3. Nf3 dxe4 4. Nxe4 Nf6 5. Qe2 Nxe4 6. Qxe4 Nd7 7. Bc4 Nf6 8. Ne5 e6 9. Qe2 b5 10. Bb3 Qc7 11. d4 Bd6 12. h3 a6 13. Bf4 Bb7 14. O-O O-O 15. a4 Nd5 16. Bg3 Rad8 17. Bh4 f6 18. Ng4 Rde8 19. c4 Nf4 20. Qd2 Ng6 21. Bg3 Bxg3 22. fxg3 Qxg3 23. c5 Kh8 24. Rf3 Qc7 25. Re1 Bc8 26. Nf2 Nh4 27. Rfe3 Nf5 28. R3e2 Qd8 29. Rd1 Qc7 30. Ne4 e5 31. d5 cxd5 32. Bxd5 Nd4 33. Rf2 Rd8 34. Nd6 Qxc5 35. Nf7+ Rxf7 36. Bxf7 Rf8 37. Ba2 Bb7 38. Kh2 Ne6 39. Qd7 Nf4 40. Rxf4 exf4 41. Qxb7 1-0


[Site "https://www.chess.com"]

[Event "Titled Tuesday Blitz April 05 Late 2022"]
[White "Rosen, Eric"]
[Black "Bernat, David"]
[WhiteFideId "2032562"]
[BlackFideId "2099225"]
[WhiteElo "2362"]
[BlackElo "2324"]
[Result "1-0"]
[Round "07"]
[TimeControl "180+1"]
[Date "2022.04.06"]
[WhiteClock "0:00:04"]
[BlackClock "0:00:01"]

1. d4 d5 2. Bf4 c5 3. e3 Nf6 4. Nf3 Qb6 5. Nc3 c4 6. Rb1 e6 7. a3 Be7 8. e4 Nxe4 9. Nxe4 dxe4 10. Ne5 Nc6 11. Nxc4 Qxd4 12. Qxd4 Nxd4 13. Be5 Nf5 14. Nd2 f6 15. Bc3 Nd6 16. Rd1 Kf7 17. Nc4 Nf5 18. Be2 b6 19. O-O Bc5 20. b4 Be7 21. g4 Nh4 22. Nd6+ Bxd6 23. Rxd6 Nf3+ 24. Kg2 h5 25. Bxf3 exf3+ 26. Kxf3 hxg4+ 27. Kxg4 Rxh2 28. Kg3 Rh5 29. Rfd1 Rg5+ 30. Kf4 e5+ 31. Ke3 Bf5 32. Rc6 Rc8 33. Rxc8 Bxc8 34. Bb2 Bf5 35. c4 Rg4 36. Rc1 Re4+ 37. Kf3 Rf4+ 38. Ke3 Re4+ 39. Kf3 g5 40. c5 Rf4+ 41. Ke3 Re4+ 42. Kd2 bxc5 43. Rxc5 Rf4 44. Rc7+ Kg6 45. Ke3 g4 46. Rxa7 Rf3+ 47. Ke2 Bd3+ 48. Ke1 Bf5 49. Rc7 Rb3 50. Bc1 Be6 51. Rc5 Rb1 52. b5 Kf5 53. a4 Ra1 54. b6 1-0


[Site "https://www.chess.com"]

[Event "Titled Tuesday Blitz April 05 Late 2022"]
[White "Rottenwohrer Suarez, Juan"]
[Black "Soysal, Serkan"]
[WhiteFideId "32068182"]
[BlackFideId "6349250"]
[WhiteElo "2158"]
[BlackElo "2440"]
[Result "0-1"]
[Round "07"]
[TimeControl "180+1"]
[Date "2022.04.06"]
[WhiteClock "0:00:04"]
[BlackClock "0:00:26"]

1. c4 g6 2. Nf3 Bg7 3. d4 Nf6 4. g3 O-O 5. Bg2 c6 6. O-O d5 7. cxd5 cxd5 8. Nc3 Ne4 9. Ne5 Bf5 10. Qb3 Nc6 11. Nxc6 bxc6 12. Nxe4 dxe4 13. e3 Qd5 14. Qc2 e5 15. dxe5 Qxe5 16. Rb1 Rfd8 17. Qxc6 Qa5 18. a3 Rac8 19. Qb7 Rc7 20. Qb3 Be6 21. Qb4 Qxb4 22. axb4 f5 23. f3 Bc4 24. Re1 Bf8 25. Bf1 Bxb4 26. Bxc4+ Rxc4 27. Rf1 exf3 28. Rxf3 Rc2 29. Rf1 Bc5 30. b3 Rd3 31. b4 Bb6 32. Rf2 Rd1+ 33. Rf1 Rdxc1 34. Rbxc1 Rxc1 35. Rxc1 Bxe3+ 36. Kf1 Bxc1 37. Ke2 Ba3 38. b5 Bc5 39. h3 Bb6 40. g4 fxg4 41. hxg4 Kf7 0-1


[Site "https://www.chess.com"]

[Event "Titled Tuesday Blitz April 05 Late 2022"]
[White "Rytenko, Vsevolod"]
[Black "Martinez Alcantara, Jose Eduardo"]
[WhiteFideId "14133040"]
[BlackFideId "3805662"]
[WhiteElo "2120"]
[BlackElo "2690"]
[Result "0-1"]
[Round "07"]
[TimeControl "180+1"]
[Date "2022.04.05"]
[WhiteClock "0:00:44"]
[BlackClock "0:02:29"]

1. e4 c5 2. Nf3 d6 3. Nc3 Nf6 4. g3 g6 5. Bg2 e5 6. O-O Bg7 7. Re1 O-O 8. a4 Nc6 9. h3 h6 10. Nd5 Nxd5 11. exd5 Ne7 12. c4 f5 13. d3 a5 14. Bd2 g5 15. Bc3 Ng6 16. Nd2 b6 17. Qh5 Qf6 18. Ra3 Bd7 19. Nf3 Be8 20. Nh2 Nf4 21. Qd1 Nxg2 22. Kxg2 Qg6 23. f3 Bd7 24. g4 h5 25. Qe2 Rae8 26. Rb3 e4 27. dxe4 fxe4 28. fxe4 Rf4 29. Bxg7 Rfxe4 30. Qxe4 Rxe4 31. Bc3 Rxe1 32. Bxe1 Qc2+ 0-1


[Site "https://www.chess.com"]

[Event "Titled Tuesday Blitz April 05 Late 2022"]
[White "Sadovsky, Artem"]
[Black "Ricaurte Lopez, Juan Carlos"]
[WhiteFideId "4155840"]
[BlackFideId "3600327"]
[WhiteElo "2314"]
[BlackElo "2209"]
[Result "1-0"]
[Round "07"]
[TimeControl "180+1"]
[Date "2022.04.06"]
[WhiteClock "0:01:55"]
[BlackClock "0:00:01"]

1. d4 Nf6 2. c3 d6 3. h3 Nbd7 4. Bf4 e5 5. Bh2 g6 6. e3 Bg7 7. Nf3 Qe7 8. Bc4 c6 9. dxe5 dxe5 10. a4 O-O 11. O-O Rd8 12. Ng5 Nd5 13. Nxf7 Qxf7 14. e4 N7b6 15. Bb3 Be6 16. exd5 Nxd5 17. Bxd5 Rxd5 18. Qe2 Rad8 19. a5 Bf5 20. Re1 Bh6 21. Bxe5 Bd3 22. Qg4 Re8 23. f4 Bf5 24. Qg3 Rd3 25. Qf2 Qd5 26. g4 Be4 27. c4 Qxc4 28. Nd2 Rxd2 29. Qxd2 Rxe5 30. Qd8+ Kf7 31. fxe5 Qc5+ 32. Kf1 Qc4+ 33. Re2 Bg2+ 34. Kf2 Bd5 35. Qf6+ 1-0


[Site "https://www.chess.com"]

[Event "Titled Tuesday Blitz April 05 Late 2022"]
[White "Saldano Dayer, Horacio"]
[Black "Djordjevic, Dejan N"]
[WhiteFideId "103411"]
[BlackFideId "913316"]
[WhiteElo "2419"]
[BlackElo "2262"]
[Result "0-1"]
[Round "07"]
[TimeControl "180+1"]
[Date "2022.04.06"]
[WhiteClock "0:00:13"]
[BlackClock "0:00:24"]

1. Nf3 Nf6 2. g3 g6 3. Bg2 Bg7 4. O-O d6 5. d4 O-O 6. b3 c6 7. c4 Bg4 8. h3 Bd7 9. Nc3 a5 10. e4 Na6 11. Re1 Ne8 12. Be3 Rc8 13. Rc1 b5 14. Qd2 b4 15. Nb1 c5 16. d5 a4 17. Qc2 Ra8 18. Nbd2 Qa5 19. Bf4 f6 20. h4 Nec7 21. Nf1 Rfb8 22. N1h2 Ne8 23. g4 Nac7 24. h5 axb3 25. axb3 Qa2 26. Qd3 Ra3 27. Rb1 Ra7 28. h6 Bf8 29. g5 Rba8 30. Nf1 Qa6 31. Bc1 Qc8 32. gxf6 exf6 33. Ng3 Ra1 34. Bd2 Rxb1 35. Rxb1 Ra2 36. Kh2 Bg4 37. Be3 Bd7 38. Ng1 Kf7 39. Bh3 Bxh3 40. Nxh3 Qg4 41. Qd1 Qxd1 42. Rxd1 g5 43. Bxg5 fxg5 44. Nxg5+ Kg6 45. Ne6 Nxe6 46. dxe6 Rxf2+ 47. Kh3 Rf3 48. Kg2 Rxb3 49. Nf5 Kf6 50. Rf1 Kxe6 51. Ng7+ Bxg7 52. hxg7 Nxg7 53. Rh1 h5 54. Ra1 Ke5 55. Ra7 Ne6 56. Re7 Re3 57. Kf2 Rxe4 58. Kf3 Rxc4 59. Ke3 b3 60. Kd3 b2 61. Rb7 Rb4 62. Rxb4 cxb4 63. Kc2 h4 0-1


[Site "https://www.chess.com"]

[Event "Titled Tuesday Blitz April 05 Late 2022"]
[White "Sapunov, Evgeny"]
[Black "Zhigalko, Sergei"]
[WhiteFideId "4126661"]
[BlackFideId "13502956"]
[WhiteElo "2470"]
[BlackElo "2662"]
[Result "0-1"]
[Round "07"]
[TimeControl "180+1"]
[Date "2022.04.05"]
[WhiteClock "0:00:26"]
[BlackClock "0:00:10"]

1. c4 e5 2. Nf3 e4 3. Nd4 Nc6 4. Nc2 Nf6 5. Nc3 Bc5 6. g3 O-O 7. Bg2 Re8 8. O-O d6 9. Ne3 a5 10. b3 Bd7 11. d3 exd3 12. Qxd3 Ne5 13. Qc2 c6 14. Rd1 Qc7 15. Nf5 Neg4 16. e3 Rad8 17. h3 Ne5 18. Bb2 Qc8 19. g4 h5 20. Nxd6 Bxd6 21. Rxd6 hxg4 22. Rxf6 gxh3 23. Bh1 h2+ 24. Kf1 gxf6 25. Ne4 Bh3+ 26. Ke2 Qf5 27. f4 Qg4+ 28. Kf2 Nd3+ 29. Qxd3 Qh4+ 30. Ke2 Bg4+ 31. Kd2 Rxd3+ 32. Kxd3 Bf5 33. Bd4 Qh7 0-1


[Site "https://www.chess.com"]

[Event "Titled Tuesday Blitz April 05 Late 2022"]
[White "Sarkar, Justin"]
[Black "Martin Barcelo, Carles"]
[WhiteFideId "2010011"]
[BlackFideId "24561444"]
[WhiteElo "2038"]
[BlackElo "1875"]
[Result "1-0"]
[Round "07"]
[TimeControl "180+1"]
[Date "2022.04.06"]
[WhiteClock "0:00:06"]
[BlackClock "0:01:05"]

1. d4 d5 2. c4 e6 3. Nc3 Nf6 4. Bg5 Be7 5. e3 O-O 6. Nf3 b6 7. cxd5 Nxd5 8. Bxe7 Qxe7 9. Bd3 Nxc3 10. bxc3 Bb7 11. O-O c5 12. Ne5 Nc6 13. f4 Rad8 14. Qh5 g6 15. Qh6 cxd4 16. cxd4 Qf6 17. Rac1 Na5 18. Rc7 Rc8 19. Rfc1 Qg7 20. Qh4 Rfe8 21. Nxf7 Kf8 22. Nh6 Rxc7 23. Rxc7 Qxc7 24. Qf6+ Qf7 25. Qxf7# 1-0


[Site "https://www.chess.com"]

[Event "Titled Tuesday Blitz April 05 Late 2022"]
[White "Sevian, Samuel"]
[Black "He, Anthony"]
[WhiteFideId "2040506"]
[BlackFideId "2088215"]
[WhiteElo "2698"]
[BlackElo "2415"]
[Result "0-1"]
[Round "07"]
[TimeControl "180+1"]
[Date "2022.04.05"]
[WhiteClock "0:02:12"]
[BlackClock "0:01:27"]

1. f4 Nf6 2. Nf3 d5 3. g3 g6 4. Bg2 Bg7 5. O-O O-O 6. d3 d4 7. Nbd2 c5 8. Ne4 Nbd7 9. h3 Nd5 10. g4 b6 11. Qe1 Bb7 12. c4 N5f6 13. Ng3 e6 14. e4 dxe3 15. Bxe3 Qc7 16. Rd1 Rad8 17. b3 Nb8 18. g5 Ne8 19. h4 Nd6 20. h5 Nc6 21. h6 Bh8 22. Ne4 Nf5 23. Bf2 Qxf4 24. Bh3 Qxf3 25. Bg3 Qe3+ 26. Qxe3 Nxe3 0-1


[Site "https://www.chess.com"]

[Event "Titled Tuesday Blitz April 05 Late 2022"]
[White "Shimanov, Aleksandr"]
[Black "Kosakowski, Jakub"]
[WhiteFideId "4198603"]
[BlackFideId "1185080"]
[WhiteElo "2636"]
[BlackElo "2454"]
[Result "1/2-1/2"]
[Round "07"]
[TimeControl "180+1"]
[Date "2022.04.05"]
[WhiteClock "0:00:06"]
[BlackClock "0:00:26"]

1. d4 Nf6 2. Nc3 d5 3. Bf4 a6 4. e3 c5 5. dxc5 Nc6 6. Nf3 Bg4 7. Be2 e6 8. Na4 Ne4 9. O-O Nxc5 10. c3 Ne4 11. c4 dxc4 12. Qc2 Bf5 13. Qxc4 Bd6 14. Rfd1 Qc7 15. Bxd6 Nxd6 16. Qf4 Rd8 17. Nc5 Qe7 18. Rac1 O-O 19. Nxa6 Ne4 20. Rxd8 Rxd8 21. Qc7 Rd7 22. Qb6 Rd6 23. Nb8 Nd8 24. Qc7 Qxc7 25. Rxc7 Nf6 26. Nd4 g6 27. h3 Be4 28. Bf3 e5 29. Nb5 Rd2 30. Bxe4 Rd1+ 31. Kh2 Nxe4 32. f3 Nd2 33. Rd7 Nf1+ 34. Kg1 Nxe3+ 35. Rxd1 Nxd1 36. b4 Nb2 37. Nd7 Nc6 38. Nc5 Nxb4 39. a3 Nc6 40. Nxb7 Kf8 41. Kf2 Ke7 42. Nc5 Nc4 43. Ke2 f5 44. Kd3 Nd6 45. Nxd6 Kxd6 46. Nb3 Kd5 47. a4 e4+ 48. fxe4+ fxe4+ 49. Ke3 Ne5 50. Nd2 g5 51. Nxe4 Nc4+ 52. Kd3 Ne5+ 53. Ke3 Nc4+ 54. Kf3 Ne5+ 55. Ke3 1/2-1/2


[Site "https://www.chess.com"]

[Event "Titled Tuesday Blitz April 05 Late 2022"]
[White "Silvestre, Christian"]
[Black "Baker, Chris W"]
[WhiteFideId "30956269"]
[BlackFideId "401676"]
[WhiteElo "2389"]
[BlackElo "2140"]
[Result "1-0"]
[Round "07"]
[TimeControl "180+1"]
[Date "2022.04.06"]
[WhiteClock "0:02:26"]
[BlackClock "0:02:12"]

1. e4 e5 2. Bc4 Nf6 3. Nc3 Nxe4 4. Qh5 Nd6 5. Bb3 Nc6 6. Nb5 g6 7. Qf3 f5 8. Qd5 Qf6 9. Nxc7+ Kd8 10. Nxa8 Bg7 11. h4 Ne7 12. Qa5+ 1-0


[Site "https://www.chess.com"]

[Event "Titled Tuesday Blitz April 05 Late 2022"]
[White "Sliwicki, Damian"]
[Black "Vusatiuk, Vladimir"]
[WhiteFideId "1127128"]
[BlackFideId "14118610"]
[WhiteElo "2084"]
[BlackElo "2157"]
[Result "0-1"]
[Round "07"]
[TimeControl "180+1"]
[Date "2022.04.06"]
[WhiteClock "0:00:30"]
[BlackClock "0:00:03"]

1. e4 c5 2. Nf3 d6 3. d4 cxd4 4. Qxd4 Nf6 5. Bg5 Nc6 6. Bb5 e5 7. Qd3 Be7 8. O-O O-O 9. Nc3 Bg4 10. h3 Bxf3 11. Qxf3 Nd4 12. Qd3 Rc8 13. Rad1 Qa5 14. Bc4 b5 15. Bb3 b4 16. Bxf6 Bxf6 17. Nd5 Bg5 18. f4 Bh4 19. f5 Nxb3 20. axb3 Qc5+ 21. Kh2 Qxc2 22. Qf3 Qxb2 23. Qg4 Bd8 24. f6 g6 25. Qh4 Rc2 26. Rg1 h5 27. Qxh5 gxh5 28. Rd3 Kh7 29. Rg3 Rg8 30. Rxg8 Kxg8 31. Ne7+ Kh7 32. Kh1 Qd4 33. g4 Bb6 34. Rf1 Qxe4+ 0-1


[Site "https://www.chess.com"]

[Event "Titled Tuesday Blitz April 05 Late 2022"]
[White "Smirnov, Pavel"]
[Black "Nasuta, Grzegorz"]
[WhiteFideId "4123425"]
[BlackFideId "1141686"]
[WhiteElo "2539"]
[BlackElo "2396"]
[Result "1-0"]
[Round "07"]
[TimeControl "180+1"]
[Date "2022.04.05"]
[WhiteClock "0:01:35"]
[BlackClock "0:00:02"]

1. e4 c6 2. d4 d5 3. Nc3 dxe4 4. Nxe4 Bf5 5. Ng3 Bg6 6. h4 h6 7. Nf3 Nd7 8. h5 Bh7 9. Bd3 Ngf6 10. Bxh7 Nxh7 11. Qd3 e6 12. Bd2 Qc7 13. O-O-O Nhf6 14. Ne4 O-O-O 15. g3 Nxe4 16. Qxe4 Bd6 17. Kb1 c5 18. c4 Kb8 19. Bc3 cxd4 20. Rxd4 Nf6 21. Qe2 Ka8 22. Rhd1 Bc5 23. Rxd8+ Rxd8 24. Rxd8+ Qxd8 25. Ne5 Qc7 26. g4 Bd6 27. f4 Bxe5 28. Bxe5 Qc6 29. Qd3 b6 30. b4 Nd7 31. Bxg7 Kb7 32. Kb2 Kc8 33. Kb3 Qg2 34. g5 a5 35. a3 Qg1 36. gxh6 b5 37. cxb5 Nb6 38. bxa5 Nd5 39. Bd4 1-0


[Site "https://www.chess.com"]

[Event "Titled Tuesday Blitz April 05 Late 2022"]
[White "Suarez Uriel, Adrian"]
[Black "Kohler, Aran"]
[WhiteFideId "22230874"]
[BlackFideId "1002856"]
[WhiteElo "2316"]
[BlackElo "2324"]
[Result "0-1"]
[Round "07"]
[TimeControl "180+1"]
[Date "2022.04.06"]
[WhiteClock "0:01:43"]
[BlackClock "0:01:29"]

1. d4 Nf6 2. c4 c5 3. d5 b5 4. cxb5 a6 5. bxa6 Bxa6 6. Nc3 g6 7. e4 Bxf1 8. Kxf1 d6 9. g3 Bg7 10. Kg2 O-O 11. Nge2 Nbd7 12. h4 h6 13. h5 g5 14. f4 gxf4 15. gxf4 Kh8 16. Ng3 Rg8 17. Nf5 Bf8+ 18. Kh3 e6 19. dxe6 fxe6 20. Nh4 Ng4 21. Qf3 Ndf6 22. Ng6+ Kh7 23. e5 dxe5 24. fxe5 Nxh5 25. Qf7+ Rg7 26. Nxf8+ Qxf8 27. Qxf8 Rxf8 28. Bd2 Nf2+ 29. Kh4 Rg4+ 30. Kxh5 Rf5+ 0-1


[Site "https://www.chess.com"]

[Event "Titled Tuesday Blitz April 05 Late 2022"]
[White "Swicarz, Maciej"]
[Black "Domingo Nunez, Alejandro"]
[WhiteFideId "1113585"]
[BlackFideId "22245561"]
[WhiteElo "2057"]
[BlackElo "2215"]
[Result "0-1"]
[Round "07"]
[TimeControl "180+1"]
[Date "2022.04.06"]
[WhiteClock "0:00:20"]
[BlackClock "0:00:08"]

1. c4 g6 2. Nc3 Bg7 3. e4 c5 4. Nf3 Nc6 5. d3 d6 6. g3 Bg4 7. Bg2 h5 8. h3 Bxf3 9. Bxf3 Rb8 10. Bg2 a6 11. O-O b5 12. cxb5 axb5 13. Nd5 e6 14. Ne3 Nge7 15. f4 Nd4 16. Bd2 O-O 17. Rb1 b4 18. g4 hxg4 19. hxg4 Qb6 20. f5 exf5 21. gxf5 d5 22. Qg4 c4 23. fxg6 Qxg6 24. Qxg6 fxg6 25. dxc4 Ne2+ 26. Kh2 Be5+ 27. Kh3 Nf4+ 28. Kg4 d4 29. Nd5 Nexd5 30. exd5 Nxg2 31. Rxf8+ Rxf8 32. Bxb4 Rf4+ 33. Kg5 Kf7 34. Rh1 Rf5+ 35. Kh6 Bf6 36. Kh7 Nh4 37. Bd2 Rh5+ 38. Bh6 Bg7 39. Rf1+ Nf5 40. Rh1 Rxh1 41. d6 Rxh6# 0-1


[Site "https://www.chess.com"]

[Event "Titled Tuesday Blitz April 05 Late 2022"]
[White "Szente Varga, Fruzsina"]
[Black "Kozin, Yuri"]
[WhiteFideId "712264"]
[BlackFideId "4129920"]
[WhiteElo "1994"]
[BlackElo "2520"]
[Result "0-1"]
[Round "07"]
[TimeControl "180+1"]
[Date "2022.04.06"]
[WhiteClock "0:00:16"]
[BlackClock "0:00:06"]

1. e4 c5 2. Nf3 e6 3. b3 b6 4. Bb2 Bb7 5. Nc3 Nf6 6. e5 Nd5 7. Nxd5 Bxd5 8. d4 cxd4 9. Nxd4 Bb4+ 10. c3 Be7 11. c4 Bb7 12. Qd2 Nc6 13. Nxc6 Bxc6 14. f3 a5 15. a3 O-O 16. Bd3 Bg5 17. Qf2 Bh4 18. g3 Be7 19. O-O f6 20. exf6 Bxf6 21. Bxf6 Qxf6 22. f4 Qc3 23. Bc2 e5 24. Rfc1 Kh8 25. Bd1 Qd3 26. Bc2 Qd6 27. f5 e4 28. Re1 Qe5 29. Qe3 Rae8 30. Qxb6 Rxf5 31. Rad1 Qc3 32. Bxe4 Bxe4 33. Rxe4 Ref8 34. Ree1 h6 35. Qd4 Qxb3 36. Qxd7 Qxc4 37. Qd3 Qc5+ 38. Qe3 Qc6 39. a4 Qxa4 40. Ra1 Qb4 41. Rab1 Qd6 42. Rbd1 Qf6 43. Kg2 Rf3 44. Qe2 Rf2+ 45. Kh1 Rxe2 46. Rxe2 Qf3+ 47. Kg1 Qxe2 48. Ra1 Rf2 0-1


[Site "https://www.chess.com"]